 Dungeon Crawl Stone Soup version 0.20-a0-709-gd40821f (webtiles) character file.

16 esteth the Insei (level 2, 0/21 HPs)
             Began as a Merfolk Transmuter on Feb 21, 2017.
             Slain by a frilled lizard (1 damage)
             ... on level 1 of the Dungeon.
             The game lasted 00:01:14 (691 turns).

esteth the Insei (Merfolk Transmuter)                Turns: 691, Time: 00:01:15

Health: 0/21       AC:  2    Str: 10    XL:     2   Next: 58%
Magic:  5/5        EV: 13    Int: 12    God:
Gold:   17         SH:  0    Dex: 14    Spells: 2/5 levels left

rFire    . . .     SeeInvis .     - Unarmed
rCold    . . .     Gourm    .   b - +0 robe
rNeg     . . .     Faith    .   (no shield)
rPois    .         Spirit   .   (no helmet)
rElec    .         Reflect  .   (no cloak)
rCorr    .         Harm     .   (no gloves)
MR       .....     Rnd*Tele +   (no boots)
Stlth    +.........             (no amulet)
Regen    0.1/turn               (no ring)
MPRegen  0.1/turn               e - ring of teleportation (curse)

@: no status effects
A: change form in water, swift swim, stealthy swim
a: no special abilities


You were on level 1 of the Dungeon.
You were not hungry.

You visited 1 branch of the dungeon, and saw 1 of its levels.

You collected 17 gold pieces.

Inventory:

Missiles
 a - 37 arrows
Armour
 b - a +0 robe (worn)
 h - a +0 buckler
Jewellery
 e - a cursed ring of teleportation (left hand)
Potions
 f - a potion of curing {unknown}
 g - 3 potions of agility {unknown}
 i - a potion of mutation {unknown}
Books
 c - a book of Changes

   Spells                             Type                      Level
   a - Beastly Appendage              Transmutation                1
   b - Sticks to Snakes               Transmutation                2
   c - Spider Form                    Transmutation/Poison         3
   d - Ice Form                       Ice/Transmutation            4
   e - Blade Hands                    Transmutation                5
Comestibles
 d - a bread ration


   Skills:
 - Level 1.1 Fighting
 - Level 2.6 Dodging
 - Level 4.0 Unarmed Combat
 - Level 2.0 Spellcasting
 + Level 3.1 Transmutations


You had 2 spell levels left.
You knew the following spells:

 Your Spells              Type           Power        Failure   Level  Hunger
a - Beastly Appendage     Tmut           #.....       10%         1    ##.....
b - Sticks to Snakes      Tmut           #.......     12%         2    ###....


Dungeon Overview and Level Annotations

Branches:
Dungeon (1/15)

Altars:


Message History

You miss the frilled lizard. The frilled lizard bites you.
You hit the frilled lizard but do no damage.
The goblin closely misses you.
The frilled lizard hisses.
The frilled lizard closely misses you.
You miss the frilled lizard. Your punch misses the frilled lizard.
The goblin hits you but does no damage. The frilled lizard bites you.
You miss the frilled lizard. The goblin barely misses you.
The frilled lizard bites you.
* * * LOW HITPOINT WARNING * * *
You miss the frilled lizard. The goblin hits you with a club.
* * * LOW HITPOINT WARNING * * *
The frilled lizard bites you.
* * * LOW HITPOINT WARNING * * *
You miss the frilled lizard. The frilled lizard bites you.
* * * LOW HITPOINT WARNING * * *
The goblin barely misses you.
You hit the frilled lizard but do no damage.
The frilled lizard bites you.
You die...

# # # ### ..###
##############.
#...######..............
###...........$##.......
..##.............g...#
#..#######.#....@l#.##
##..## #.#.#?###......
##..## #.#..... ..#.# #
##..## #.###..## .# ##
##..# #.# ##.# # .##
##.###.# .. ..## #..# #.
...####.## ...)###..#


You could see a goblin and a frilled lizard.

Vanquished Creatures
  2 dart slugs (D:1)
  2 bats (D:1)
  A giant cockroach (D:1)
  A goblin (D:1)
  3 hobgoblins (D:1)
  A kobold (D:1)
  2 rats (D:1)
12 creatures vanquished.

Notes
Turn   | Place    | Note
-------+----------+-------------------------------------------
     0 | D:1      | esteth the Merfolk Transmuter began the quest for the Orb.
     0 | D:1      | Reached XP level 1. HP: 15/15 MP: 3/3
   251 | D:1      | Reached XP level 2. HP: 20/21 MP: 5/5
   260 | D:1      | Reached skill level 4 in Unarmed Combat
   282 | D:1      | Learned a level 2 spell: Sticks to Snakes
   690 | D:1      | HP: 1/21 [frilled lizard (2)]
   691 | D:1      | Slain by a frilled lizard

Vault maps used:
D:1:      dpeg_arrival_central, serial_forest, infiniplex_forest_lined_room_2,
          infiniplex_forest_straight_2, infiniplex_forest_lined_corner,
          infiniplex_forest_lined_room_2, infiniplex_forest_straight_1,
          infiniplex_forest_lined_4_way

Skill      XL: |  1  2 |
---------------+-------+-----
Unarmed Combat | 4 |  4.0
Transmutations | 3 |  3.1
Fighting       | |  1.1
Dodging        | |  2.6
Spellcasting   | |  2.0

Action                   || total
-------------------------++-------
Melee: Unarmed           ||    63
Armor: Robe              ||    16
Dodge: Dodged            ||    55
